 Dungeon Crawl Stone Soup version 0.23.2-40-g277498a001 (webtiles) character file.

Game seed: 8691800112740699923

182 Exodus22XD the Magician (level 5, 0/35 HPs)
             Began as a Mummy Necromancer on Aug 22, 2019.
             Slain by a hound (4 damage)
             ... on level 3 of the Dungeon.
             The game lasted 00:14:50 (2382 turns).

Exodus22XD the Magician (Mummy Necromancer)         Turns: 2382, Time: 00:14:51

Health: 0/35       AC:  3    Str: 11    XL:     5   Next: 34%
Magic:  1/13       EV: 12    Int: 16    God:
Gold:   174        SH:  0    Dex: 12    Spells: 10/15 levels left

rFire    . . .     SeeInvis .   g - +0 spear
rCold    + . .     Gourm    .   (no shield)
rNeg     + + +     Faith    .   a - +0 robe
rPois    ∞         Spirit   .   (no helmet)
rElec    .         Reflect  .   (no cloak)
rCorr    .         Harm     .   j - +0 pair of gloves
MR       .....                  (no boots)
Stlth    ++........             (no amulet)
HPRegen  0.11/turn              b - ring of protection from fire
MPRegen  0.13/turn              (no ring)

@: no status effects
A: no food or potions, fire vulnerability, cold resistance 1, negative energy
resistance 3, torment resistance, unbreathing
a: no special abilities


You were on level 3 of the Dungeon.
You were not hungry.

You visited 1 branch of the dungeon, and saw 4 of its levels.

You collected 174 gold pieces.

Inventory:

Hand Weapons
 g - a +0 spear (weapon)
Armour
 a - a +0 robe (worn)
 e - a +0 leather armour of positive energy
 j - a +0 pair of gloves (worn)
Jewellery
 b - a ring of protection from fire (left hand)
Wands
 k - a wand of clouds (4)
Scrolls
 c - 2 scrolls of fog {unknown}
 d - 2 scrolls of teleportation {unknown}
 f - a scroll of immolation {unknown}
 h - 3 scrolls of remove curse {unknown}
 i - 3 scrolls of identify {unknown}
 l - 2 scrolls of blinking {unknown}
 m - a scroll of enchant armour {unknown}
 n - a scroll of amnesia {unknown}


   Skills:
 - Level 1.5 Dodging
 - Level 1.5 Stealth
 - Level 5.5 Spellcasting
 * Level 5.2 Necromancy


You had 10 spell levels left.
You knew the following spells:

 Your Spells              Type           Power        Failure   Level  Hunger
a - Pain                  Necr           ###.         1%          1    N/A
b - Animate Skeleton      Necr           N/A          1%          1    N/A
c - Vampiric Draining     Necr           ###.......   4%          3    N/A

Your spell library contained the following spells:

 Spells                   Type           Power        Failure   Level  Hunger
 Animate Dead             Necr           N/A          16%         4    N/A
 Regeneration             Chrm/Necr      Unusable     N/A         3    N/A

Dungeon Overview and Level Annotations

Branches:
Dungeon (4/15)
 Temple: D:4-7

Altars:
Gozag


Innate Abilities, Weirdness & Mutations

You do not eat or drink.
Your flesh is vulnerable to fire.
You are immune to poison.
Your flesh is cold resistant. (rC+)
You are immune to negative energy. (rN+++)
You are immune to unholy pain and torment.
You can survive without breathing.


Message History

The hound is almost dead.
The hound stops to sniff the ground.
The hound barely misses you.
You closely miss the hound.
The hound is almost dead.
The hound closely misses you. x2
You miss the hound.
The hound is almost dead.
The hound bites you.
* * * LOW HITPOINT WARNING * * *
The hound closely misses you.
You hit the hound.
The hound is almost dead.
The hound bites you.
* * * LOW HITPOINT WARNING * * *
Your magical contamination has completely faded away.
You closely miss the hound.
The hound is almost dead.
The hound completely misses you. The hound bites you.
You die...

##.####.###.# #.# ...####.#
#.# #.# ........# #.# #.#
#######.# #.####.### #.#
#........# #.# ######.#.# #.#
#.#.# #.########.#.##
#........h@...#
#.#######.##..# #
#......>......# #
#########.#.(.# # #..>..# ###
# #####...########.##
############.#.............#.#
.....................######.##
###########..........# #.#


You could see a hound.

Vanquished Creatures
  Blork the orc (D:4)
  3 adders
  An ooze (D:4)
  3 worms
  3 dart slugs (D:1)
  4 orcs (D:3)
  8 bats
  3 giant cockroaches
  6 goblins
  7 hobgoblins
  3 jackals (D:2)
  3 quokkas (D:2)
  A ball python (D:1)
  4 frilled lizards
  9 kobolds
  6 rats
65 creatures vanquished.

Vanquished Creatures (collateral kills)
  A worm (D:4)
  A kobold (D:1)
  A frilled lizard (D:1)
3 creatures vanquished.

Grand Total: 68 creatures vanquished

Notes
Turn   | Place    | Note
-------+----------+-------------------------------------------
     0 | D:1      | Exodus22XD the Mummy Necromancer began the quest for the
                  | Orb.
     0 | D:1      | Reached XP level 1. HP: 13/13 MP: 4/4
     2 | D:1      | Learned a level 1 spell: Animate Skeleton
   154 | D:1      | Reached XP level 2. HP: 19/19 MP: 3/6
   573 | D:1      | Reached XP level 3. HP: 24/24 MP: 4/8
   937 | D:2      | Found an opulent altar of Gozag.
  1175 | D:2      | Reached skill level 5 in Spellcasting
  1687 | D:3      | Reached XP level 4. HP: 30/30 MP: 7/11
  1906 | D:3      | Learned a level 3 spell: Vampiric Draining
  2245 | D:4      | Noticed Blork the orc
  2254 | D:4      | Killed Blork the orc
  2254 | D:4      | Reached skill level 5 in Necromancy
  2254 | D:4      | Reached XP level 5. HP: 26/35 MP: 1/13
  2382 | D:3      | Slain by a hound

Skill      XL: |  1  2  3  4 |
---------------+-------------+-----
Spellcasting   | 3 4 5 |  5.5
Necromancy     | 5 |  5.2
Dodging        | |  1.5
Stealth        | |  1.5

Action                   |  1- 3 |  4- 6 || total
-------------------------+-------+-------++-------
Melee: Unarmed           |     5 |       ||     5
       Spear             |     7 |    19 ||    26
 Cast: Pain              |    88 |    50 ||   138
       Animate Skeleton  |    13 |     6 ||    19
       Vampiric Draining |       |     3 ||     3
Armor: Robe              |     7 |     5 ||    12
Dodge: Dodged            |    18 |    26 ||    44
